 Dungeon Crawl Stone Soup version 0.24.0-13-gcf9b3192b9 (webtiles) character file.

Game seed: 289779857282056557, levelgen mode: deterministic

129 Errno the Chopper (level 4, -6/45 HPs)
             Began as a Minotaur Fighter on Nov 7, 2019.
             Mangled by an ogre
             ... wielding a +0 giant club
              (16 damage)
             ... on level 4 of the Dungeon.
             The game lasted 00:06:47 (2259 turns).

Errno the Chopper (Minotaur Fighter)                Turns: 2259, Time: 00:06:47

Health: -6/45      AC: 11    Str: 21    XL:     4   Next: 88%
Magic:  3/3        EV:  4    Int:  5    God:
Gold:   97         SH:  9    Dex: 10    Spells: 3/3 levels left

rFire    . . .     SeeInvis .   a - +0 war axe
rCold    . . .     Gourm    .   c - +0 shield
rNeg     . . .     Faith    .   n - +0 plate armour
rPois    .         Spirit   .   (helmet restricted)
rElec    .         Reflect  .   (no cloak)
rCorr    .         Harm     .   (no gloves)
MR       +....                  (no boots)
Stlth    ..........             (no amulet)
HPRegen  0.15/turn              (no ring)
MPRegen  0.08/turn              (no ring)

@: no status effects
A: retaliatory headbutt, horns 2, magic resistance 1, robust 1
a: no special abilities


You were on level 4 of the Dungeon.
You were hungry.

You visited 1 branch of the dungeon, and saw 4 of its levels.

You collected 97 gold pieces.

Inventory:

Hand Weapons
 a - a +0 war axe (weapon)
Armour
 b - a +0 scale mail
 c - a +0 shield (worn)
 n - a +0 plate armour (worn)
Scrolls
 e - 2 scrolls of enchant armour {unknown}
 g - a scroll of magic mapping
 h - a scroll of remove curse {unknown}
 j - 4 scrolls of identify
 l - a scroll of teleportation {unknown}
 m - a scroll of fear {unknown}
 o - a scroll of enchant weapon {unknown}
Potions
 d - 2 potions of might
 i - a potion of magic {unknown}
 k - a potion of curing {unknown}
 p - a potion of degeneration {unknown}
 q - 2 potions of agility {unknown}
 r - a potion of haste {unknown}
Comestibles
 f - 5 rations


   Skills:
 + Level 4.5 Fighting
 * Level 4.7 Axes
 - Level 3.6 Armour
 + Level 4.6 Shields


You had 3 spell levels left.
You didn't know any spells.
Your spell library was empty.

Dungeon Overview and Level Annotations

Branches:
Dungeon (3/15)

Altars:


Innate Abilities, Weirdness & Mutations

You reflexively headbutt those who attack you in melee.
You have a pair of horns on your head.
You are resistant to hostile enchantments. (MR+)
You are robust. (+10% HP)


Message History

You hit the ogre. You headbutt the ogre.
The ogre is moderately wounded.
You block the ogre's attack.
You hit the ogre.
The ogre is moderately wounded.
The ogre hits you with a +0 giant club!
You hit the ogre. You headbutt the ogre.
The ogre is heavily wounded.
The ogre hits you with a +0 giant club!
You slash the ogre!
The ogre is severely wounded.
The ogre hits you with a +0 giant club!
* * * LOW HITPOINT WARNING * * *
Your plate armour prevents you from hitting the ogre.
The ogre is severely wounded.
You block the ogre's attack.
You hit the ogre.
The ogre is almost dead.
The ogre hits you with a +0 giant club!
You die...

.# .# .# .# .# .
##.##
....#####...###.#
.......@Oo......#
#...#####...##..#
# o..## #####


You could see an ogre and an orc.

Vanquished Creatures
  3 adders
  An ooze (D:3)
  2 worms (D:2)
  3 dart slugs
  4 leopard geckos
  6 giant cockroaches
  14 goblins
  8 hobgoblins
  4 jackals (D:2)
  6 kobolds
  2 quokkas (D:3)
  A ball python (D:3)
  10 bats
  3 frilled lizards
  9 rats
76 creatures vanquished.

Notes
Turn   | Place    | Note
-------+----------+-------------------------------------------
     0 | D:1      | Errno the Minotaur Fighter began the quest for the Orb.
     0 | D:1      | Reached XP level 1. HP: 19/19 MP: 0/0
    73 | D:1      | Reached XP level 2. HP: 26/27 MP: 1/1
   514 | D:1      | You fall into a shaft and drop 1 floor!
   596 | D:2      | Reached XP level 3. HP: 24/33 MP: 2/2
   949 | D:2      | Gained mutation: You are resistant to hostile enchantments.
                  | (MR+) [potion of mutation]
   949 | D:2      | Gained mutation: You are robust. (+10% HP) [potion of
                  | mutation]
  1458 | D:2      | Reached XP level 4. HP: 41/44 MP: 3/3
  2243 | D:3      | You fall into a shaft and drop 1 floor!
  2243 | D:4      | Noticed an ogre
  2259 | D:4      | Mangled by an ogre

Levels and vault maps discovered:
D:1:      dpeg_arrival_refuge, layout_basic, minmay_misc_feat_five
D:2:      minmay_diamond_boxcup, layout_basic
D:3:      layout_loops_cross, first_ration
D:4:      layout_loops_ring, serial_shops, nicolae_shop_statue_plus, uniq_robin,
          uniq_ijyb

Skill      XL: |  1  2  3 |
---------------+----------+-----
Axes           | 3 4 |  4.7
Shields        | 4 |  4.6
Fighting       | 4 |  4.5
Armour         | |  3.6

Action                   |  1- 3 |  4- 6 || total
-------------------------+-------+-------++-------
Melee: War axe           |    93 |    83 ||   176
       Headbutt          |    11 |    10 ||    21
  Use: Scroll            |     3 |       ||     3
       Potion            |     1 |       ||     1
  Eat: Chunk             |     2 |     2 ||     4
Armor: Scale mail        |    54 |     7 ||    61
       Plate armour      |       |    29 ||    29
Dodge: Dodged            |    29 |    15 ||    44
Block: Shield            |    49 |    42 ||    91
